cohdb
Replays
Latest Replays
All Replays
Popular Replays
Top Player Replays
Match Explorer
How It Works
Community
CoH3 Stats
Reddit
Sign in to upload your games and track your stats! →
Sign in with Steam
Match 45614247
Unlisted
Match 45614247
Overview
Messages
Build Orders
End
Kradschützen Motorcycle Team
Selects Panzerjäger Kommand Battlegroup
Selects Mine Fields
Panzergrenadier Squad
Panzergrenadier Squad
250 Light Carrier
Construct Light Support Kompanie
Selects GrB 39 Grenade Launcher Requisition
Construct Mechanized Kompanie
Vehicle Survival Package
Panzerjäger Mechanized Group
8 Rad Armored Car
Support Armor Elements
2.5-tonne Medical Truck
Emergency Repair Kits
Selects Crew Shock Tactics
Assault Mechanized Group
StuG III D Assault Gun
254 Reconnaissance Tractor
Marder III Tank Destroyer
Panzerpioneer Squad
Crew Shock Tactics
Selects Elefant Tank Destroyer
Assault Mechanized Group
Alloyzy Klex®
SEPH
Ayudacity
P3prime
0
0
Comments
sign in to comment!
No comments posted yet!